 Dungeon Crawl Stone Soup version 0.19.0-9-gfd783f2 (webtiles) character file.

191 Glaeka the Slasher (level 6, -3/47 HPs)
             Began as a Human Abyssal Knight on Nov 8, 2016.
             Was a Follower of Lugonu.
             Slain by Grinder (5 damage)
             ... on level 5 of the Dungeon.
             The game lasted 00:13:17 (1458 turns).

Glaeka the Slasher (Human Abyssal Knight)           Turns: 1458, Time: 00:13:18

Health: -3/47      AC:  6    Str: 14    XL:     6   Next: 1%
Magic:  7/7        EV: 14    Int: 13    God:    Lugonu [*.....]
Gold:   101        SH:  0    Dex: 17    Spells: 0 memorised, 5 levels left

rFire  . . .     SeeInvis .     a - +0 scimitar
rCold  . . .     Gourm    .     q - +0 scale mail (curse)
rNeg   . . .     Faith    .     (no shield)
rPois  .         Spirit   .     (no helmet)
rElec  .         Reflect  .     (no cloak)
rCorr  .         Harm     .     (no gloves)
MR     .....                    (no boots)
Stlth  +.........               (no amulet)
                                (no ring)
                                (no ring)

@: agile
A: no striking features
a: Depart the Abyss, Renounce Religion


You were on level 5 of the Dungeon.
You worshipped Lugonu.
Lugonu was aware of your devotion.
You were not hungry.

You visited 2 branches of the dungeon, and saw 5 of its levels.
You visited the Abyss 1 time.

You collected 101 gold pieces.

Inventory:

Hand Weapons
 a - a +0 scimitar (weapon)
Missiles
 n - 15 poisoned needles
Armour
 q - a cursed +0 scale mail (worn)
Scrolls
 g - a scroll of teleportation {unknown}
 h - 3 scrolls of identify
 j - a scroll of random uselessness {unknown}
 l - a scroll of remove curse {unknown}
 m - a scroll of immolation {unknown}
 p - a scroll of recharging
 t - a scroll of enchant weapon {unknown}
Potions
 b - a potion of lignification {unknown}
 e - a potion of invisibility {unknown}
 s - a potion of mutation {unknown}
Comestibles
 c - 3 bread rations
 f - 4 fruits
 o - a meat ration
 r - 2 chunks of flesh


   Skills:
 + Level 3.6 Fighting
 * Level 4.4 Long Blades
 + Level 1.2 Throwing
 + Level 2.7 Armour
 - Level 1.0 Dodging
 + Level 2.4 Invocations


You had 5 spell levels left.
You didn't know any spells.

Dungeon Overview and Level Annotations

Branches:
Dungeon (5/15)             Temple (1/1) D:4

Altars:
Kikubaaqudgha

Shops:
D:4 *[*

Annotations:
D:2 Sigmund, Terence
D:4 Edmund, Natasha
D:5 Grinder


Message History

You writhe in agony.
* * * LOW HITPOINT WARNING * * *
Grinder blinks!
Grinder says, "Don't move a muscle."
Grinder gestures at you.
You barely resist.
You can move again.
You hit Grinder but do no damage.
Grinder is almost dead.
Grinder misses you.
You barely miss Grinder.
Grinder is almost dead.
Grinder hits you but does no damage.
You barely miss Grinder.
Grinder is almost dead.
Grinder barely misses you.
You barely miss Grinder.
Grinder is almost dead.
Grinder hits you.
You die...

#.# #.#
#.# #.#
#.# ## #.#
..###
##5#......
#.@...(#
##.#####
###


You could see Grinder.

Vanquished Creatures
  A hound (D:4)
  An orc priest (D:4)
  2 iguanas (D:4)
  A worker ant (D:4)
  An adder (D:4)
  2 dart slugs (D:1)
  2 leopard geckos
  3 orcs (D:4)
  A giant cockroach (D:1)
  4 goblins
  4 hobgoblins
  4 jackals (D:1)
  A quokka (D:2)
  A bat (D:1)
  A frilled lizard (D:4)
  3 kobolds
  A leopard gecko skeleton (D:4)
  5 rats
38 creatures vanquished.

Notes
Turn   | Place    | Note
-------+----------+-------------------------------------------
     0 | Abyss:1  | Glaeka the Human Abyssal Knight began the quest for the Orb.
     0 | Abyss:1  | Reached XP level 1. HP: 18/18 MP: 2/2
    44 | Abyss:1  | Noticed a wretched star
    45 | D:1      | Escaped the Abyss
   174 | D:1      | Reached * piety under Lugonu
   174 | D:1      | Reached XP level 2. HP: 20/24 MP: 3/3
   513 | D:1      | Reached XP level 3. HP: 21/29 MP: 4/4
   801 | D:2      | Noticed Sigmund
  1080 | D:2      | Noticed Terence
  1109 | D:2      | You fall through a shaft for 2 floors!
  1121 | D:4      | Found a staircase to the Ecumenical Temple.
  1133 | Temple   | Entered the Ecumenical Temple
  1146 | D:4      | Found Qoax's Assorted Antiques.
  1210 | D:4      | Reached skill level 3 in Long Blades
  1210 | D:4      | Reached XP level 4. HP: 33/35 MP: 5/5
  1236 | D:4      | Found Asyaxt's Armour Shoppe.
  1252 | D:4      | Found Guptox's Assorted Antiques.
  1290 | D:4      | Reached XP level 5. HP: 41/41 MP: 6/6
  1335 | D:4      | Reached skill level 4 in Long Blades
  1345 | D:4      | Reached skill level 1 in Throwing
  1383 | D:4      | Reached XP level 6. HP: 20/47 MP: 7/7
  1394 | D:4      | Noticed Edmund
  1396 | D:4      | Noticed Natasha
  1432 | D:5      | Entered Level 5 of the Dungeon
  1432 | D:5      | Noticed Grinder
  1449 | D:5      | Paralysed by Grinder for 5 turns
  1450 | D:5      | HP: 1/47 [Grinder (5)]
  1458 | D:5      | Slain by Grinder

Skill      XL: |  1  2  3  4  5 |
---------------+----------------+-----
Long Blades    | 3 4 |  4.4
Throwing       | 1 |  1.2
Fighting       | |  3.6
Armour         | |  2.7
Dodging        | |  1.0
Invocations    | |  2.4

Action                   |  1- 3 |  4- 6 || total
-------------------------+-------+-------++-------
Melee: Falchion          |    66 |       ||    66
       Scimitar          |    14 |    46 ||    60
Throw: Javelin           |    10 |    12 ||    22
Invok: Depart the Abyss  |     1 |       ||     1
  Use: Scroll            |     2 |     1 ||     3
       Potion            |       |     5 ||     5
  Eat: Chunk             |     1 |     1 ||     2
Armor: Leather armour    |    12 |       ||    12
       Scale mail        |    12 |    11 ||    23
Dodge: Dodged            |    43 |    24 ||    67
       Rpst.: Falchion   |     9 |       ||     9
       Scimitar          |     2 |     6 ||     8
